 Dungeon Crawl Stone Soup version 0.19-a0-1886-gd64a0f0 (webtiles) character file.

240 tyvek the Ruffian (level 5, 0/50 HPs)
             Began as a Troll Monk on Oct 16, 2016.
             Slain by a bullfrog (3 damage)
             ... in a sewer.
             The game lasted 00:03:31 (2024 turns).

tyvek the Ruffian (Troll Monk)                      Turns: 2024, Time: 00:03:32

Health: 0/50       AC:  5    Str: 20    XL:     5   Next: 79%
Magic:  4/4        EV: 10    Int:  6    God:
Gold:   85         SH:  0    Dex: 12    Spells: 0 memorised, 4 levels left

rFire  . . .     SeeInvis .       - Unarmed
rCold  . . .     Gourm    +     a - +0 robe
rNeg   . . .     Faith    .     (no shield)
rPois  .         Spirit   .     (helmet restricted)
rElec  .         Dismiss  .     (no cloak)
rCorr  .         Reflect  .     (gloves unavailable)
MR     .....     Harm     .     (boots unavailable)
Stlth  ++........               (no amulet)
                                (no ring)
                                (no ring)

@: lethally poisoned (0 -> 0)
A: unfitting armour, claws 3, fast metabolism 3, gourmand, regeneration 1,
shaggy fur 1, tough skin 2
a: no special abilities


You were in a sewer.
You were completely stuffed.

You visited 1 branch of the dungeon, and saw 3 of its levels.
You also visited: Sewer.

You collected 85 gold pieces.


Innate Abilities, Weirdness & Mutations

You are too large for most types of armour.
You have claws for hands.
Your metabolism is lightning-fast.
You like to eat raw meat.
Your natural rate of healing is unusually fast.
You are covered in fur. (AC +1)
You have very tough skin. (AC +2)


   Skills:
 - Level 2.4 Fighting
 - Level 2.4 Dodging
 - Level 1.0 Stealth
 + Level 6.6 Unarmed Combat


You had 4 spell levels left.
You didn't know any spells.

Inventory:

Armour
 a - a +0 robe (worn)
Jewellery
 l - an uncursed ring of poison resistance {unknown}
Scrolls
 c - a scroll of magic mapping {unknown}
 d - 2 scrolls of remove curse {unknown}
 e - a scroll of fear {unknown}
 h - a scroll of noise {unknown}
 i - a scroll of blinking {unknown}
 j - 2 scrolls of fog {unknown}
 m - a scroll of recharging {unknown}
 n - a scroll of amnesia {unknown}
Potions
 o - 2 potions of brilliance {unknown}
 p - a potion of magic {unknown}
 q - 2 potions of curing {unknown}
Comestibles
 b - 7 bread rations {@e1}
 f - 20 chunks of flesh
 g - a beef jerky {@e2}
 k - a meat ration {@e1}

Dungeon Overview and Level Annotations

Branches:
Dungeon (3/15)

Altars:
Nemelex Xobeh

##..≈≈.##..#
#.≈.†.
#≈≈≈≈≈≈#####
#≈≈≈≈≈
#≈≈≈≈≈≈#
#≈≈≈≈≈
#≈≈≈≈≈≈#
#≈≈≈≈≈
#≈≈≈≈≈≈#
#÷≈≈≈≈
#≈≈≈≈≈≈#
#≈≈≈≈≈
#≈#≈≈≈≈#
##.≈≈≈
#≈≈l≈≈≈#
#≈≈)..
#F@S≈≈≈#
##≈..≈
#SSS≈≈≈#
#≈≈≈≈≈
#FS#≈≈≈#
#≈≈≈≈≈
#≈S≈≈≈≈#
#≈≈≈≈≈
#≈≈≈≈≈≈#
#≈≈≈≈≈
#≈≈≈≈≈≈#
#≈≈≈≈≈
#≈≈≈≈≈≈#
#≈≈≈≈≈
#≈≈≈#≈≈#
#≈≈≈≈≈
#..≈..##
##≈≈≈.


You could see 2 bullfrogs, 2 adders, 4 ball pythons and a frilled lizard.


Message History

The ball python bites you.
* * * LOW HITPOINT WARNING * * *
The ball python bites you.
* * * LOW HITPOINT WARNING * * *
The adder bites you but does no damage. The bullfrog closely misses you.
The adder closely misses you.
You miss the bullfrog.
The bullfrog is moderately wounded.
You feel sick. The frilled lizard misses you. The adder closely misses you.
The ball python completely misses you. The ball python barely misses you.
The bullfrog hits you.
* * * LOW HITPOINT WARNING * * *
The adder bites you but does no damage.
You barely miss the bullfrog.
The bullfrog is moderately wounded.
The bullfrog hits you but does no damage.
The adder bites you but does no damage. The frilled lizard bites you.
* * * LOW HITPOINT WARNING * * *
The ball python bites you but does no damage. x2
The adder bites you.
* * * LOW HITPOINT WARNING * * *
The bullfrog hits you.
* * * LOW HITPOINT WARNING * * *
You miss the bullfrog.
The bullfrog is moderately wounded.
You feel sick. The adder bites you but does no damage.
The ball python closely misses you. x2; The adder bites you but does no damage.
The frilled lizard completely misses you.
The bullfrog hits you.
You die...

Skill      XL: |  1  2  3  4  5 |
---------------+----------------+-----
Unarmed Combat | 4 5 6 |  6.6
Fighting       | |  2.4
Dodging        | |  2.4
Stealth        | |  1.0

Action                   |  1- 3 |  4- 6 || total
-------------------------+-------+-------++-------
Melee: Unarmed           |    79 |   143 ||   222
  Use: Potion            |       |     2 ||     2
 Stab: Sleeping          |     1 |     1 ||     2
  Eat: Chunk             |    15 |    10 ||    25
Armor: Robe              |    22 |    68 ||    90
Dodge: Dodged            |    39 |    99 ||   138

Vault maps used:
D:1:      sevenhm_arrival_forest_fort_large_2, amethyst_killhole,
          item_on_display_a
D:2:      nemelex_diamond_rough_becter
D:3:      portal_sewer_entry_d
Sewer:    sewer_minmay_w

Notes
Turn   | Place    | Note
-------+----------+-------------------------------------------
     0 | D:1      | tyvek the Troll Monk began the quest for the Orb.
     0 | D:1      | Reached XP level 1. HP: 22/22 MP: 0/0
   223 | D:1      | Reached XP level 2. HP: 26/29 MP: 1/1
   405 | D:1      | Reached skill level 4 in Unarmed Combat
   845 | D:2      | Reached XP level 3. HP: 36/36 MP: 2/2
  1024 | D:2      | Reached XP level 4. HP: 44/44 MP: 3/3
  1030 | D:2      | Reached skill level 5 in Unarmed Combat
  1184 | D:2      | Found a sparkling altar of Nemelex Xobeh.
  1670 | D:3      | Found a glowing drain.
  1716 | Sewer    | Entered a sewer
  1748 | Sewer    | Reached XP level 5. HP: 50/50 MP: 4/4
  1804 | Sewer    | HP: 5/50 [river rat (2)]
  1809 | Sewer    | Reached skill level 6 in Unarmed Combat
  2023 | Sewer    | HP: 4/50 [adder (2)]
  2024 | Sewer    | Slain by a bullfrog

Vanquished Creatures
  5 adders
  4 gnolls (D:2)
  7 river rats (Sewer)
  An ooze (D:3)
  2 worms
  A dart slug (D:3)
  5 leopard geckos
  2 orcs (D:3)
  2 giant cockroaches (D:3)
  3 goblins
  5 hobgoblins
  4 kobolds
  A quokka (D:3)
  10 ball pythons
  7 bats
  5 frilled lizards
  27 rats
91 creatures vanquished.
